 Dungeon Crawl Stone Soup version 0.30-a0-916-g9813417 (webtiles) character file.

Game seed: 13185826804275550477

2863 Dorkslayer the Covered (level 9, -1/55 HPs)
             Began as a Gargoyle Fighter on Mar 26, 2023.
             Was a Priest of Okawaru.
             Slain by a water moccasin (6 damage)
             ... on level 7 of the Dungeon.
             The game lasted 00:20:31 (5010 turns).

Dorkslayer the Covered (Gargoyle Fighter)           Turns: 5010, Time: 00:20:32

Health: -1/55      AC: 16    Str: 21    XL:     9   Next: 75%
Magic:  12/12      EV:  9    Int: 10    God:    Okawaru [***...]
Gold:   360        SH: 14    Dex: 11    Spells: 8/8 levels left

rFire   . . .      SeeInvis .    a - +0 war axe
rCold   . . .      Faith    .    f - +0 kite shield
rNeg    + . .      Spirit   .    b - +0 scale mail
rPois   ∞          Reflect  +    d - +0 helmet
rElec   +          Rampage  .    (no cloak)
rCorr   .                        (no gloves)
Will    .....                    l - +0 pair of boots Stlth
                                 m - amulet of reflection
HPRegen 0.29/turn                (no ring)
MPRegen 0.13/turn                (no ring)

@: studying Throwing
A: sickness immunity, AC +6, negative energy resistance 1, electricity
resistance, torment resistance 1, petrification resistance
a: Renounce Religion, Heroism


You were on level 7 of the Dungeon.
You worshipped Okawaru.
Okawaru was most pleased with you.
You visited 2 branches of the dungeon, and saw 8 of its levels.

You collected 360 gold pieces.

Inventory:

Hand Weapons
 a - a +0 war axe (weapon)
 z - a +5 flail
Missiles
 h - 8 boomerangs (quivered)
Armour
 b - a +0 scale mail (worn)
 d - a +0 helmet (worn)
 f - a +0 kite shield (worn)
 l - a +0 pair of boots (worn)
Jewellery
 m - an amulet of reflection (around neck)
Wands
 q - a wand of polymorph (14)
 x - a wand of roots (8)
 y - a wand of flame (16)
Scrolls
 c - a scroll of magic mapping {unknown}
 o - 3 scrolls of poison
 s - 3 scrolls of fear
 w - a scroll of butterflies
Potions
 k - a potion of mutation
 p - 3 potions of attraction
 t - a potion of resistance
 v - a potion of lignification


   Skills:
 + Level 5.8 Fighting
 + Level 4.4 Axes
 + Level 4.4 Throwing
 + Level 5.8 Armour
 + Level 4.5 Dodging
 + Level 5.8 Shields
 * Level 4.3 Invocations
 * Level 3.6 Evocations


You had 8 spell levels left.
You didn't know any spells.
Your spell library contained the following spells:

 Spells                   Type           Power      Damage    Failure   Level
 Beastly Appendage        Tmut           0%         N/A       95%         1
 Lesser Beckoning         Tloc           0%         N/A       99%         2
 Wereblood                Tmut           0%         N/A       99%         2
 Gell's Gravitas          Tloc           0%         N/A       100%        3
 Spider Form              Tmut/Pois      0%         N/A       100%        3
 Teleport Other           Tloc           0%         N/A       100%        3


Dungeon Overview and Level Annotations

Branches:
Dungeon (7/15)             Temple (1/1) D:6

Altars:
Ashenzari
Dithmenos
Elyvilon
Fedhas
Kikubaaqudgha
Makhleb
Okawaru
Ru
Sif Muna
Trog
Uskayaw
Vehumet
Wu Jian
Yredelemnul
Zin
The Shining One


Innate Abilities, Weirdness & Mutations

You are immune to sickness and miasma.
Your stone body is resilient. (AC +6)
You are immune to poison.
You resist negative energy. (rN+)
You are resistant to electric shocks. (rElec)
You are resistant to unholy torment.
You are immune to petrification.


Message History

You block the centaur's attack. The water moccasin closely misses you.
You hit the centaur but do no damage.
The centaur is almost dead.
You closely miss the water moccasin. The centaur barely misses you.
The centaur kicks you but does no damage.
You block the water moccasin's attack. The centaur hits you.
* * * LOW HITPOINT WARNING * * *
You block the centaur's attack. You block the water moccasin's attack.
You slash the centaur!
You kill the centaur!
Okawaru accepts your kill.
You hit the water moccasin.
The water moccasin bites you but does no damage.
The water moccasin bites you.
* * * LOW HITPOINT WARNING * * *
You miss the water moccasin.
The water moccasin is heavily wounded.
The water moccasin bites you.
* * * LOW HITPOINT WARNING * * *
You block the water moccasin's attack.
You miss the water moccasin.
The water moccasin is heavily wounded.
The water moccasin bites you but does no damage.
You block the water moccasin's attack.
You hit the water moccasin but do no damage.
The water moccasin is heavily wounded.
You block the water moccasin's attack. The water moccasin barely misses you.
You miss the water moccasin.
The water moccasin is heavily wounded.
You block the water moccasin's attack. The water moccasin closely misses you.
You closely miss the water moccasin.
The water moccasin is heavily wounded.
You block the water moccasin's attack. The water moccasin bites you.
* * * LOW HITPOINT WARNING * * *
You slash the water moccasin!
The water moccasin is severely wounded.
The water moccasin bites you.
* * * LOW HITPOINT WARNING * * *
The water moccasin bites you.
You die...

####..##.##.##.
....Y...#.#.###
###......#...##
.......)#.(...#
.####..)).......
......))####.#.#
..###.))## ##.##..#
##..S@).##
##........##
#..........#
#..........#
#..........#
#..........#
#..........##
.............#
##...........#######


You could see a water moccasin.

Vanquished Creatures
  Pikel (D:6)
  A water moccasin (D:6)
  A black bear (D:6)
  3 ice beasts
  2 centaurs (D:7)
  4 phantoms
  A kobold brigand (D:7)
  A gnoll sergeant (D:7)
  2 scorpions (D:6)
  2 bullfrogs (D:6)
  4 wights (D:6)
  A bullfrog zombie (D:4)
  2 centaur zombies (D:4)
  A hound (D:6)
  A jelly (D:4)
  2 gnoll boudas
  3 orc priests
  Jessica (D:2)
  Ijyb (D:3)
  3 iguanas
  2 orc wizards
  A scorpion zombie (D:4)
  2 hound zombies (D:4)
  3 hound skeletons (D:4)
  A howler monkey zombie (D:4)
  12 gnolls
  7 adders
  A shadow imp (D:6)
  2 white imps
  An ufetubus (D:4)
  A worm (D:3)
  2 dart slugs
  11 orcs
  5 ball pythons
  10 endoplasms
  3 giant cockroaches
  5 goblins
  8 hobgoblins
  4 quokkas
  7 bats
  4 frilled lizards
  16 kobolds
  9 rats
  A spectral orc (D:6)
155 creatures vanquished.

Vanquished Creatures (others)
  A withered plant (D:4)
1 creature vanquished.

Grand Total: 156 creatures vanquished

Notes
Turn   | Place    | Note
-------+----------+-------------------------------------------
     0 | D:1      | Dorkslayer the Gargoyle Fighter began the quest for the
                  | Orb.
     0 | D:1      | Reached XP level 1. HP: 14/14 MP: 1/1
   134 | D:1      | Reached XP level 2. HP: 14/19 MP: 2/2
   231 | D:1      | Reached skill level 1 in Dodging
   314 | D:1      | Reached XP level 3. HP: 20/23 MP: 3/3
   669 | D:2      | Identified the +9 short sword of Disharmony {antimagic,
                  | rPois Dex+3 SInv}
  1117 | D:2      | Reached XP level 4. HP: 26/28 MP: 4/4
  1255 | D:2      | Noticed Jessica
  1300 | D:2      | Killed Jessica
  1662 | D:3      | Noticed Ijyb
  1690 | D:3      | Killed Ijyb
  1691 | D:3      | Reached XP level 5. HP: 33/33 MP: 5/5
  1804 | D:3      | Noticed an ice beast
  1816 | D:3      | Killed an ice beast
  1817 | D:3      | Reached skill level 1 in Throwing
  1931 | D:3      | Reached XP level 6. HP: 38/38 MP: 6/6
  2026 | D:3      | Found a burning altar of Makhleb.
  2026 | D:3      | Noticed a blizzard demon
  2369 | D:4      | Reached XP level 7. HP: 43/44 MP: 7/7
  2887 | D:4      | Found an iron altar of Okawaru.
  2895 | D:4      | Became a worshipper of Warmaster Okawaru
  3172 | D:5      | Entered Level 5 of the Dungeon
  3316 | D:5      | Reached XP level 8. HP: 44/48 MP: 8/8
  3472 | D:5      | Found a blossoming altar of Fedhas.
  3472 | D:5      | Found an ancient bone altar of Kikubaaqudgha.
  3655 | D:5      | Found a hide-covered altar of Uskayaw.
  3883 | D:6      | Reached * piety under Okawaru
  3884 | D:6      | Reached skill level 5 in Fighting
  3884 | D:6      | Reached skill level 5 in Armour
  3884 | D:6      | Reached skill level 5 in Shields
  3884 | D:6      | Reached skill level 1 in Invocations
  3884 | D:6      | Reached skill level 1 in Evocations
  3887 | D:6      | Found a radiant altar of Vehumet.
  3939 | D:6      | Found an ornate altar of the Wu Jian Council.
  4201 | D:6      | Reached XP level 9. HP: 32/54 MP: 9/11
  4202 | D:6      | Reached ** piety under Okawaru
  4351 | D:6      | Noticed Pikel
  4400 | D:6      | Killed Pikel
  4427 | D:6      | Found a staircase to the Ecumenical Temple.
  4443 | Temple   | Entered the Ecumenical Temple
  4593 | D:6      | Found a basalt altar of Yredelemnul.
  4817 | D:7      | Identified a scroll of acquirement
  4817 | D:7      | Acquired a manual of Throwing
  4911 | D:7      | Reached *** piety under Okawaru
  5010 | D:7      | Slain by a water moccasin

Illustrated notes

Levels and vault maps discovered:
D:1:      doesnt_arrival_eight_statues, layout_loops_cross
D:2:      layout_basic, uniq_jessica
D:3:      layout_loops_ring, makhleb_altar_promises_db, uniq_ijyb
D:4:      layout_loops_corners, lemuel_coloured_pillars_altar, serial_undead,
          serial_undead_a, serial_undead_a, serial_undead_b, serial_undead_b,
          kennysheep_big_empty_room
D:5:      layout_loops_cross, mainiacjoe_overflow_surrounded_room,
          grunt_temple_overflow_growth_and_decay
D:6:      layout_basic, lemuel_crystal_altar, vehumet_altar_wand_db,
          yredelemnul_forgotten_temple_becter, minmay_temple_entry_offerings,
          kennysheep_generic_room_5, uniq_pikel
D:7:      layout_rooms, mainiacjoe_overflow_boulevard, kb_rosetta
Temple:   nicolae_temple_godpark

Skill      XL: |  1  2  3  4  5  6  7  8  9 |
---------------+----------------------------+-----
Axes           | 2 3 4 |  4.4
Dodging        | 1 2 3 4 |  4.5
Fighting       | 4 5 |  5.8
Throwing       | 1 2 3 4 |  4.4
Armour         | 4 5 |  5.8
Shields        | 4 5 |  5.8
Invocations    | 2 4 |  4.3
Evocations     | 2 3 |  3.6

Action                     |  1- 3 |  4- 6 |  7- 9 || total
---------------------------+-------+-------+-------++-------
  Melee: War axe           |   124 |   155 |   363 ||   642
    Use: Scroll            |       |       |    17 ||    17
         Potion            |       |       |     9 ||     9
 Armour: Scale mail        |    63 |    98 |   236 ||   397
  Dodge: Dodged            |    63 |    78 |   194 ||   335
  Block: Buckler           |    36 |   101 |   193 ||   330
         Kite shield       |       |       |    66 ||    66
         Reflection        |       |       |     6 ||     6

Table legend: (Time is in decaauts)
 A = Elapsed time spent in this place.
 B = Non-inter-level travel time spent in this place.
 C = Inter-level travel time spent in this place.
 D = Time resting spent in this place.
 E = Time spent auto-exploring this place.
 F = Levels seen in this place.
 G = Mean time per level.
                   A        B        C        D        E       F      G
               +--------+--------+--------+--------+--------+-----+--------+
         Total |   5267 |   5267 |      0 |     30 |   2060 |   8 |  658.4 |
       Dungeon |   5201 |   5201 |      0 |     30 |   2060 |   7 |  743.0 |
        Temple |     65 |     65 |      0 |      0 |      0 |   1 |   65.0 |
               +--------+--------+--------+--------+--------+-----+--------+

Top non-repeatable levels by time:
     D:4: 1061 daAuts
     D:6: 979 daAuts
     D:3: 844 daAuts
     D:2: 736 daAuts
     D:1: 687 daAuts
     D:5: 668 daAuts
     D:7: 223 daAuts
  Temple: 65 daAuts
